AoeStats
← TigerGecko

Hideout

503668793Analyzed
4v4 RM · 1mo ago on Sep 1, 2026· 17m 59s· 8 players
Game mode
Random Map
Map size
Large (8 player)
Population
200
Speed
Normal
Resources
Standard
Victory
Conquest
Starting age
Dark Age
Ending age
Imperial Age
RankedLock teamsTeams togetherTeam positionsShared explorationLock speedFull tech treeHidden civsTurbo modeCheats
Victory
Defeat
🇦🇷 Portuguese · Argentina
1558
+15
🇨🇳 Shu · China
1487
+18
🇺🇸 Wei · United States
1586
-22
🇨🇦 Cumans · Canada
1560
-20
🇩🇪 Gurjaras · Germany
1515
-18
🇦🇷 Berbers · Argentina
1448
-15
AML4554
9:59 Feudal Age
14:44 Castle Age
13:01 Horse Collar
14:18 Double-Bit Axe
16:24 Fletching
17:54 Bodkin Arrow
TigerGecko
10:41 Feudal Age
14:29 Castle Age
12:16 Horse Collar
13:35 Fletching
13:34 Loom
15:06 Bodkin Arrow
17:39 Double-Bit Axe
Agua Mineral
10:30 Feudal Age
11:10 Double-Bit Axe
11:08 Horse Collar
Aron
8:29 Feudal Age
9:21 Double-Bit Axe
10:48 Loom
12:01 Horse Collar
巨大豚
9:13 Feudal Age
10:08 Double-Bit Axe
13:22 Fletching
17:10 Padded Archer Armor
夫国之有民,犹水之有舟,停则以安,扰则以危
10:52 Feudal Age
11:22 Double-Bit Axe
14:27 Castle Age
13:00 Double-Bit Axe
13:02 Horse Collar
17:03 Heavy Plow
莲花去国一千年,雨后闻腥犹带铁
6:44 Loom
9:07 Feudal Age
13:39 Double-Bit Axe
15:57 Horse Collar
18:52 Wheelbarrow
cookie tin
9:31 Feudal Age
10:16 Double-Bit Axe
11:47 Fletching
11:51 Loom
12:44 Padded Archer Armor
13:30 Horse Collar
15:16 Wheelbarrow
Connection lost

Rejoining the realm…

Still unreachable

The connection could not be restored.

Session expired

The server has moved on; the page needs a fresh start.